AoeStats
← jude__88

Black Forest

509884167Analyzed
2v2 RM · 4d ago on Sep 28, 2026· 76m 2s· 4 players
Game mode
Random Map
Map size
Medium (4 player)
Population
200
Speed
Normal
Resources
Standard
Victory
Conquest
Starting age
Dark Age
Ending age
Imperial Age
RankedLock teamsTeams togetherTeam positionsShared explorationLock speedFull tech treeHidden civsTurbo modeCheats
Victory
Defeat
🇫🇮 Franks · Finland
736
+13
🇫🇷 Romans · France
694
+35
🇨🇿 Byzantines · Czechia
704
-15
🇨🇿 Britons · Czechia
644
-13
Pernik
1:28 Loom
13:59 Feudal Age
16:07 Gold Mining
20:59 Stone Mining
23:59 Castle Age
23:22 Double-Bit Axe
28:46 Horse Collar
29:59 Fishing Lines
30:31 Bow Saw
31:02 Heavy Plow
33:27 Fortified Wall
35:45 Forging
36:00 Fletching
40:34 Imperial Age
38:55 Pikeman
39:35 Squires
45:26 Imperial Age
43:09 Treadmill Crane
56:42 Two-Man Saw
56:36 Arson
57:55 Wheelbarrow
61:26 Halberdier
62:57 Gambesons
63:02 Arson
64:07 Hand Cart
65:19 Iron Casting
_Varhan_
0:33 Loom
12:59 Feudal Age
13:32 Double-Bit Axe
16:50 Gold Mining
19:10 Stone Mining
22:16 Wheelbarrow
23:52 Horse Collar
26:38 Castle Age
27:29 Bow Saw
32:26 Heavy Plow
35:38 Treadmill Crane
36:13 Forging
36:04 Scale Mail Armor
40:12 Imperial Age
39:13 Iron Casting
39:36 Hand Cart
40:37 Gold Shaft Mining
40:05 Pikeman
42:39 Blast Furnace
43:26 Conscription
43:32 Squires
45:01 Two-Man Saw
44:32 Pikeman
46:04 Halberdier
48:06 Chain Mail Armor
47:51 Padded Archer Armor
47:42 Fletching
48:57 Chemistry
47:50 Heated Shot
47:59 Murder Holes
48:15 Fortified Wall
49:26 Elite Longbowman
50:08 Warwolf
50:28 Yeomen
50:59 Caravan
51:10 Guilds
53:19 Plate Mail Armor
53:05 Leather Archer Armor
52:45 Bodkin Arrow
55:16 Ballistics
55:11 Masonry
61:05 Siege Engineers
jude__88
14:35 Feudal Age
15:57 Horse Collar
16:07 Double-Bit Axe
16:57 Gold Mining
16:58 Stone Mining
19:21 Wheelbarrow
30:43 Castle Age
32:55 Gold Shaft Mining
32:24 Caravan
32:54 Coinage
32:52 Fervor
34:03 Bow Saw
33:56 Heavy Plow
35:21 Fortified Wall
35:07 Murder Holes
36:12 Scale Barding Armor
36:09 Scale Mail Armor
35:56 Fishing Lines
36:35 Guard Tower
37:08 Masonry
39:00 Ballistics
38:58 Hand Cart
38:28 Town Watch
38:29 Loom
38:11 Man-at-Arms
40:25 Pikeman
40:26 Long Swordsman
41:08 Squires
45:11 Imperial Age
44:30 Gillnets
45:05 Clinker Construction
45:22 Chain Barding Armor
45:17 Chain Mail Armor
46:01 Town Patrol
48:04 Crop Rotation
49:17 Keep
49:44 Chemistry
49:15 Architecture
50:40 Banking
50:21 Guilds
51:47 Siege Engineers
51:26 Elite Centurion
52:13 Ballistas
52:19 Capped Ram
52:26 Onager
53:42 Legionary
57:23 Plate Barding Armor
56:59 Forging
56:39 Fletching
56:50 Padded Archer Armor
58:32 Block Printing
58:43 Illumination
58:29 Redemption
59:24 Siege Ram
Klingarn
0:43 Loom
16:55 Feudal Age
18:18 Gold Mining
18:16 Double-Bit Axe
24:02 Forging
23:58 Scale Barding Armor
28:57 Castle Age
30:26 Gold Shaft Mining
30:04 Husbandry
30:43 Iron Casting
30:29 Chain Barding Armor
30:25 Bow Saw
39:35 Stone Mining
45:24 Wheelbarrow
45:04 Fletching
46:54 Hand Cart
46:25 Town Watch
49:13 Imperial Age
47:14 Ballistics
46:56 Murder Holes
46:42 Treadmill Crane
47:12 Masonry
47:13 Fortified Wall
48:06 Bodkin Arrow
48:13 Town Patrol
49:17 Onager
49:20 Cavalier
51:48 Blast Furnace
51:23 Plate Barding Armor
51:51 Chemistry
50:57 Siege Engineers
51:23 Architecture
51:24 Paladin
52:48 Chivalry
53:08 Conscription
55:42 Caravan
Connection lost

Rejoining the realm…

Still unreachable

The connection could not be restored.

Session expired

The server has moved on; the page needs a fresh start.